 Dungeon Crawl Stone Soup version 0.21-a0-584-g185da8e (webtiles) character file.

388 mortelune the Distorting Demonspawn (level 6, 0/48 HPs)
             Began as a Demonspawn Abyssal Knight on Dec 21, 2017.
             Was a Believer of Lugonu.
             Slain by a kobold
             ... wielding a +0 club
              (1 damage)
             ... on level 2 of the Dungeon.
             The game lasted 00:12:09 (4781 turns).

mortelune the Distorting Demonspawn (DsAK)          Turns: 4781, Time: 00:12:09

Health: 0/48       AC:  7    Str: 14    XL:     6   Next: 49%
Magic:  9/9        EV: 11    Int: 14    God:    Lugonu [**....]
Gold:   83         SH:  0    Dex: 12    Spells: 5/5 levels left

rFire    . . .     SeeInvis .   a - +2 mace
rCold    + . .     Gourm    .   (no shield)
rNeg     . . .     Faith    .   b - +0 leather armour
rPois    .         Spirit   .   (no helmet)
rElec    .         Reflect  .   (no cloak)
rCorr    .         Harm     .   (no gloves)
MR       .....     Rnd*Tele +   k - +0 pair of boots
Stlth    +.........             (no amulet)
HPRegen  0.16/turn              n - ring of teleportation (curse)
MPRegen  0.11/turn              (no ring)

@: starving
A: talons 1, yellow scales 2, cold resistance 1
a: Depart the Abyss, Bend Space, Renounce Religion


You were on level 2 of the Dungeon.
You worshipped Lugonu.
Lugonu was pleased with you.
You were starving.

You visited 1 branch of the dungeon, and saw 3 of its levels.
You visited the Abyss 1 time.

You collected 83 gold pieces.

Inventory:

Hand Weapons
 a - a +2 mace (weapon)
 e - a +0 hunting sling
Missiles
 d - 274 stones (quivered)
Armour
 b - a +0 leather armour (worn)
 k - a +0 pair of boots (worn)
Jewellery
 n - a cursed ring of teleportation (left hand)
Wands
 f - a wand of flame (31)
Potions
 c - a potion of heal wounds {unknown}
 g - 2 potions of curing
 j - 2 potions of degeneration
 l - a potion of brilliance {unknown}


   Skills:
 + Level 4.2 Fighting
 * Level 4.2 Maces & Flails
 + Level 3.2 Armour
 - Level 0.8 Dodging
 + Level 4.5 Invocations


You had 5 spell levels left.
You didn't know any spells.

Dungeon Overview and Level Annotations

Branches:
Dungeon (3/15)

Altars:
Fedhas


Innate Abilities, Weirdness & Mutations

You have sharp toenails.
You are mostly covered in yellow scales. (AC +3)
Your flesh is cold resistant. (rC+)


Message History

You hit the big kobold.
The big kobold is lightly wounded.
The big kobold hits you with a club.
* * * LOW HITPOINT WARNING * * *
The kobold hits you but does no damage. The kobold barely misses you.
The big kobold hits you with a club.
* * * LOW HITPOINT WARNING * * *
You closely miss the big kobold.
The big kobold is lightly wounded.
The big kobold hits you but does no damage.
The kobold barely misses you.
You sock the big kobold!
The big kobold is moderately wounded.
The big kobold barely misses you. The kobold misses you.
You hit the big kobold.
The big kobold is heavily wounded.
The big kobold hits you with a club.
* * * LOW HITPOINT WARNING * * *
The kobold hits you with a club.
You die...

#.......##K##...# #§≈#
#.....####.#...## #§###
#.....# #.....# #≈
#.....# ##..#..###### #
#########...#.......#
#..........#######
#...K#..#### ###.#
#...##..######...########
#....).K@#.....#.........
#...####K#.##############
#...# #K..# ##### #...#
##### #.<.. #...# #....
#...# #.... ##### #####


You could see a big kobold and 2 kobolds.

Vanquished Creatures
  4 big kobolds
  2 adders
  A gnoll (D:3)
  4 worms
  2 dart slugs
  A leopard gecko (D:1)
  A ball python (D:3)
  7 goblins
  3 hobgoblins
  4 jackals (D:1)
  38 kobolds
  8 bats
  A frilled lizard (D:1)
  4 rats
80 creatures vanquished.

Notes
Turn   | Place    | Note
-------+----------+-------------------------------------------
     0 | Abyss:1  | mortelune the Demonspawn Abyssal Knight began the quest for the Orb.
     0 | Abyss:1  | Reached XP level 1. HP: 18/18 MP: 2/2
    15 | Abyss:1  | Noticed a golden eye
    16 | D:1      | Escaped the Abyss
   654 | D:1      | Reached * piety under Lugonu
   654 | D:1      | Gained mutation: You are partially covered in yellow scales. (AC +2) [demonic ancestry]
   654 | D:1      | Reached XP level 2. HP: 24/24 MP: 4/4
  1279 | D:1      | Gained mutation: You are mostly covered in yellow scales. (AC +3) [demonic ancestry]
  1279 | D:1      | Reached XP level 3. HP: 25/29 MP: 5/5
  2070 | D:2      | Found a blossoming altar of Fedhas.
  2846 | D:3      | Gained mutation: Your flesh is cold resistant. (rC+) [demonic ancestry]
  2846 | D:3      | Reached XP level 4. HP: 33/35 MP: 6/6
  2895 | D:3      | Reached ** piety under Lugonu
  3056 | D:3      | Noticed a big kobold
  3057 | D:3      | Noticed a big kobold
  3085 | D:3      | Killed a big kobold
  3085 | D:3      | Reached XP level 5. HP: 6/42 MP: 7/7
  4327 | D:2      | Gained mutation: You have sharp toenails. [demonic ancestry]
  4327 | D:2      | Reached XP level 6. HP: 16/48 MP: 9/9
  4781 | D:2      | HP: 1/48 [big kobold/club (5)]
  4781 | D:2      | Slain by a kobold

Vault maps used:
D:1:      minmay_arrival_three_doors
D:2:      fedhas_altar_3, st_stairs_14, lemuel_another_geyser
D:3:      minmay_goblin_kobold_castle, first_ration

Skill      XL: |  1  2  3  4  5 |
---------------+----------------+-----
Maces & Flails | 2 3 4 |  4.2
Armour         | 2 3 |  3.2
Invocations    | 3 4 |  4.5
Fighting       | 4 |  4.2
Dodging        | |  0.8

Action                   |  1- 3 |  4- 6 || total
-------------------------+-------+-------++-------
Melee: Mace              |   232 |   188 ||   420
Invok: Depart the Abyss  |     1 |       ||     1
       Bend Space        |       |     4 ||     4
Evoke: Wand              |       |     6 ||     6
  Use: Scroll            |     4 |     2 ||     6
  Eat: Chunk             |     3 |     1 ||     4
       Ration            |     1 |     1 ||     2
Armor: Leather armour    |   122 |   123 ||   245
Dodge: Dodged            |   185 |   182 ||   367

Table legend:
 A = Spawn XP
 B = Non-spawn XP
 C = Spawn XP percentage of total XP
 D = Spawn monster count
 E = Non-spawn monster count
 F = Spawn count percentage of total count
 G = Total turns spent on level
                    A         B        C        D         E        F      G
               +---------+---------+-------+---------+---------+-------+---------
         Total |       0 |     555 |   0.0 |       0 |      80 |   0.0 |  4781
               +---------+---------+-------+---------+---------+-------+---------
           D:1 |       0 |     142 |   0.0 |       0 |      26 |   0.0 |  1987
           D:2 |       0 |     231 |   0.0 |       0 |      17 |   0.0 |  1762
           D:3 |       0 |     182 |   0.0 |       0 |      37 |   0.0 |  1016
               +---------+---------+-------+---------+---------+-------+---------
